 Dungeon Crawl Stone Soup version 0.21-a0-351-g38363bb (webtiles) character file.

15414 tidbits the Infuser (level 12, 94/94 HPs)
             Began as a Gnoll Skald on Oct 9, 2017.
             Was a Priest of Makhleb.
             Quit the game on level 8 of the Dungeon.
             The game lasted 00:39:37 (4866 turns).

tidbits the Infuser (Gnoll Skald)                   Turns: 4866, Time: 00:39:37

Health: 94/94      AC:  8    Str: 16    XL:     12   Next: 26%
Magic:  24/24      EV: 17    Int: 18    God:    Makhleb [***...]
Gold:   658        SH:  6    Dex: 15    Spells: 14/28 levels left

rFire    + . .     SeeInvis .   a - +1 war axe (chop)
rCold    + . .     Gourm    .   D - +0 buckler {rC+ rF+}
rNeg     + . .     Faith    .   B - +0 troll leather armour
rPois    .         Spirit   .   (no helmet)
rElec    .         Reflect  .   C - +0 cloak
rCorr    .         Harm     .   G - +0 pair of gloves
MR       .....                  (no boots)
Stlth    +++.......             (no amulet)
HPRegen  0.65/turn              i - ring of positive energy
MPRegen  0.19/turn              (no ring)

@: no status effects
A: distributed training, fangs 1, strong nose
a: Minor Destruction, Lesser Servant of Makhleb, Renounce Religion


You were on level 8 of the Dungeon.
You worshipped Makhleb.
Makhleb was most pleased with you.
You were not hungry.

You visited 1 branch of the dungeon, and saw 13 of its levels.

You collected 658 gold pieces.

Inventory:

Hand Weapons
 a - a +1 war axe of chopping (weapon)
   (You took it off an orc on level 6 of the Dungeon)
 g - a +3 blowgun
 z - a +3 quarterstaff of chaos
   (You took it off Crazy Yiuf on level 3 of the Dungeon)
 R - a +1 dagger of electrocution
   (You took it off a kobold on level 10 of the Dungeon)
 Y - a +5 hunting sling of flaming
   (You took it off Joseph on level 7 of the Dungeon)
Missiles
 h - 13 tomahawks (quivered)
 q - 184 arrows
 O - 11 curare-tipped needles
 P - 91 poisoned needles
 Z - 30 sling bullets
Armour
 B - a +0 troll leather armour (worn)
 C - a +0 cloak (worn)
 D - a +0 buckler of resistance (worn)
   (You found it on level 8 of the Dungeon)
 G - a +0 pair of gloves (worn)
 Q - a +3 leather armour
Jewellery
 i - a ring of positive energy (left hand)
   (You found it on level 1 of the Dungeon)
Wands
 k - a wand of flame (10/48)
 r - a wand of confusion (28/48)
 x - a wand of confusion (13/48)
 I - a wand of clouds (3/9)
 L - a wand of clouds (3/9)
 N - a wand of iceblast (9/15)
 S - a wand of polymorph (12/24)
 U - a wand of lightning (7/15)
 V - a wand of flame (40/48)
 W - a wand of lightning (9/15)
 X - a wand of disintegration (5/24)
Scrolls
 b - 2 scrolls of remove curse
 n - 3 scrolls of enchant weapon
 t - a scroll of fear
 v - 6 scrolls of teleportation
 A - 2 scrolls of amnesia {unknown}
 E - a scroll of holy word {unknown}
 H - a scroll of summoning {unknown}
Potions
 e - 2 potions of brilliance
 f - 2 potions of resistance {unknown}
 l - a potion of curing
 p - a potion of heal wounds
 s - a potion of cancellation {unknown}
 w - 2 potions of mutation {unknown}
 y - 2 potions of might {unknown}
 F - a potion of invisibility {unknown}
 J - a potion of agility {unknown}
 M - a potion of haste
 T - 2 potions of flight {unknown}
Books
 c - a book of Battle

   Spells                             Type                      Level
   a - Infusion                       Charms                       1
   b - Shroud of Golubria             Charms/Translocation         2
   c - Song of Slaying                Charms                       2
   d - Spectral Weapon                Hexes/Charms                 3
   e - Regeneration                   Charms/Necromancy            3
 u - a book of Minor Magic
   (You found it on level 3 of the Dungeon)

   Spells                             Type                      Level
   a - Magic Dart                     Conjuration                  1
   b - Blink                          Translocation                2
   c - Call Imp                       Summoning                    2
   d - Slow                           Hexes                        2
   e - Conjure Flame                  Conjuration/Fire             3
   f - Mephitic Cloud                 Conjuration/Poison/Air       3
Miscellaneous
 m - a lamp of fire
Comestibles
 d - 7 bread rations
 j - 15 fruits
 o - 2 meat rations
 K - a chunk of flesh


   Skills:
 + Level 8.4 Fighting
 + Level 7.0 Short Blades
 + Level 7.0 Long Blades
 + Level 8.4 Axes
 + Level 7.0 Maces & Flails
 + Level 7.0 Polearms
 + Level 7.0 Staves
 + Level 7.0 Slings
 + Level 7.0 Bows
 + Level 7.0 Crossbows
 + Level 7.0 Throwing
 + Level 7.5 Armour
 + Level 8.4 Dodging
 + Level 7.0 Stealth
 + Level 7.0 Shields
 + Level 7.0 Unarmed Combat
 + Level 8.7 Spellcasting
 + Level 7.0 Conjurations
 + Level 7.0 Hexes
 + Level 9.6 Charms
 + Level 7.0 Summonings
 + Level 7.0 Necromancy
 + Level 7.0 Translocations
 + Level 7.0 Transmutations
 + Level 7.0 Fire Magic
 + Level 7.0 Ice Magic
 + Level 7.0 Air Magic
 + Level 7.0 Earth Magic
 + Level 7.0 Poison Magic
 + Level 7.0 Invocations
 + Level 7.0 Evocations


You had 14 spell levels left.
You knew the following spells:

 Your Spells              Type           Power        Failure   Level  Hunger
g - Shroud of Golubria    Chrm/Tloc      #####.....   1%          2    None
i - Infusion              Chrm           ####         1%          1    None
m - Mephitic Cloud        Conj/Pois/Air  ####....     1%          3    None
r - Regeneration          Chrm/Necr      #####.....   1%          3    None
w - Spectral Weapon       Hex/Chrm       #####...     1%          3    None
y - Song of Slaying       Chrm           #####...     1%          2    None


Dungeon Overview and Level Annotations

Branches:
Dungeon (13/15)              Lair (0/6) D:11
 Temple: D:4-7          Orc: D:9-12      Vaults: D:13-14

Altars:
Ashenzari
Kikubaaqudgha
Makhleb
Nemelex Xobeh
Trog
Vehumet
Beogh

Shops:
D:7 %

Annotations:
D:8 exclusion: statue
D:10 Fannar; p0werm0de's ghost, journeyman GnWz


Innate Abilities, Weirdness & Mutations

Your experience applies equally to all skills.
You have very sharp teeth.
Your uncanny sense of smell can sniff out nearby items.


Message History

You hit the kobold.
You kill the kobold!
Makhleb accepts your kill.
You feel better.
Things that are here:
a short sword; a stone Wear which item? (? for menu, Esc to quit)
You start removing your armour.
You continue taking off your +3 leather armour. x4
You finish taking off your +3 leather armour.
You start putting on your armour.
You continue putting on your +0 troll leather armour. x5
You finish putting on your +0 troll leather armour.
Adjust (i)tems, (s)pells, or (a)bilities?
Adjust which item? (? for menu, Esc to quit)
Q - a +0 troll leather armour (worn)
Adjust to which letter? (? for menu, Esc to quit)
B - a +0 troll leather armour (worn);
Q - a +3 leather armour You enter the shallow water.
Moving in this stuff is going to be slow.
You enter the shallow water.
Moving in this stuff is going to be slow.
The insubstantial wisp gives a chilling moan.
The insubstantial wisp blinks!
Things that are here:
a +1 whip of draining; a stone; a kobold corpse A necrophage comes into view.
Casting: Spectral Weapon
Confirm with . or Enter, or press ? or * to list all spells.
You draw out your weapon's spirit!
You swap places.
You slash the insubstantial wisp!
Your bite misses the insubstantial wisp.
The insubstantial wisp is heavily damaged.
Your spectral weapon hits the insubstantial wisp.
The insubstantial wisp thrums sharply.
You are struck by lightning.
The lightning arcs!
You closely miss the insubstantial wisp.
Your bite misses the insubstantial wisp.
The insubstantial wisp is almost destroyed.
You slash the necrophage!
Your spectral weapon hits the insubstantial wisp.
You destroy the insubstantial wisp!
Makhleb accepts your kill.
You feel better. You block the necrophage's attack.
You barely miss the necrophage.
The necrophage is moderately damaged.
Your spectral weapon barely misses the necrophage.
The necrophage closely misses you.
You slash the necrophage!
The necrophage is severely damaged.
Your spectral weapon hits the necrophage but does no damage.
The necrophage hits you.
You slash the necrophage!
You bite the necrophage, but do no damage.
The necrophage is almost destroyed.
Your spectral weapon hits the necrophage.
You destroy the necrophage!
Makhleb accepts your kill.
You see here a necrophage corpse.
Your pack is full.
You see here 2 chunks of flesh.
There is an escape hatch in the ceiling here.
Your spectral weapon fades away.
A mysterious force pulls you upwards. The hatch slams shut behind you.
As you read the scroll of magic mapping, it crumbles to dust.
You feel aware of your surroundings.
Unknown command.
There is a stone staircase leading up here.
You climb upwards.
Level annotation: exclusion: statue
There is a stone staircase leading down here.
You see here a long sword.
An orc comes into view. It is wielding a falchion.
Casting: Spectral Weapon
Confirm with . or Enter, or press ? or * to list all spells.
You start singing a song of slaying.
You hit the orc.
The orc is heavily wounded.
You block the orc's attack.
You hit the orc.
You kill the orc!
Makhleb accepts your kill.
Things that are here:
a falchion; an orc corpse You butcher the orc corpse.
K - a chunk of flesh You see here a falchion.
Okay, then.
Magic restored.
Your song is almost over.
Your song has ended.
There is a stone staircase leading up here.
There is a stone staircase leading up here.
You open the door.
Found a sparkling altar of Nemelex Xobeh.
There is an open door here.
There is an open door here.
A giant cockroach comes into view.
Are you sure you want to abandon this character and quit the game? (Confirm with "yes".)

#....†.)........##
#.##..#########.###
#s##..# ....#.##.
#.#...# 8.o.....#..
#.#...# ......#....
#.#...#########....
#.##............###
#.###..##.####.....
#.@.....).# #.....
#####.##### #.....
#.########.....
#..............
#.##########.## #.#
#.# #.# #.# #.#
##.# #.# #..#


You could see a giant cockroach (sleeping).

Vanquished Creatures
  The ghost of 4thArraOfDagon the Fighter, a journeyman OgEn of Ru (D:11)
  A two-headed ogre (D:9)
  6 death yaks (D:11)
  Sonja (D:12)
  An ugly thing (D:11)
  An orc knight (D:13)
  Pikel (D:6)
  2 centaur zombies (D:11)
  A gargoyle (D:10)
  Joseph (D:7)
  The ghost of 4thArraOfDagon the Skirmisher, an amateur OgEn of Okawaru (D:5)
  A hornet (D:11)
  2 trolls
  3 hippogriffs
  Sigmund (D:2)
  A human (shapeshifter) (D:12)
  Grum (D:8)
  A vampire mosquito (D:9)
  3 hungry ghosts (D:11)
  Menkaure (D:7)
  2 insubstantial wisps (D:10)
  A water moccasin (D:11)
  10 orc warriors
  A sky beast (D:8)
  A hornet zombie (D:6)
  A phantom (D:6)
  An ice beast (D:6)
  A necrophage (D:10)
  2 wolves (D:8)
  4 slaves (D:6)
  4 ogres
  3 centaurs
  A crocodile (D:10)
  Blork the orc (D:5)
  5 big kobolds
  3 bullfrogs
  A gnoll sergeant (D:5)
  A wyvern zombie (D:9)
  The ghost of 4thArraOfDagon the Skirmisher, a weakling OgEn (D:3)
  A scorpion (D:2)
  4 wights
  A howler monkey (D:9)
  6 crimson imps
  A bullfrog zombie (D:9)
  10 orc wizards
  A quasit (D:10)
  Crazy Yiuf (D:3)
  4 hounds
  2 jellies (D:9)
  2 orc priests
  A bullfrog skeleton (D:4)
  3 iguanas
  Terence (D:2)
  4 worker ants
  A hound zombie (D:8)
  A howler monkey zombie (D:6)
  A worker ant zombie (D:9)
  4 gnolls (D:5)
  6 adders
  An adder zombie (D:9)
  An ooze (D:5)
  An adder skeleton (D:6)
  2 leopard geckos (D:9)
  48 orcs
  2 bat zombies
  2 giant cockroaches
  3 goblins
  3 hobgoblins
  8 jackals
  7 quokkas
  A ball python (D:3)
  4 bats
  4 frilled lizards
  2 jackal skeletons (D:4)
  32 kobolds
  2 rats
  A rat zombie (D:2)
254 creatures vanquished.

Vanquished Creatures (others)
  3 plants (D:10)
  A spectral weapon (D:11)
4 creatures vanquished.

Grand Total: 258 creatures vanquished

Notes
Turn   | Place    | Note
-------+----------+-------------------------------------------
     0 | D:1      | tidbits the Gnoll Skald began the quest for the Orb.
     0 | D:1      | Reached XP level 1. HP: 20/20 MP: 6/6
   318 | D:2      | Found an ancient bone altar of Kikubaaqudgha.
   372 | D:2      | Reached XP level 2. HP: 26/26 MP: 7/7
   377 | D:2      | Learned a level 2 spell: Song of Slaying
   380 | D:2      | Learned a level 2 spell: Shroud of Golubria
   466 | D:2      | Noticed Sigmund
   480 | D:2      | Killed Sigmund
   480 | D:2      | Reached skill level 1 in Short Blades
   480 | D:2      | Reached skill level 1 in Long Blades
   480 | D:2      | Reached skill level 1 in Maces & Flails
   480 | D:2      | Reached skill level 1 in Polearms
   480 | D:2      | Reached skill level 1 in Staves
   480 | D:2      | Reached skill level 1 in Slings
   480 | D:2      | Reached skill level 1 in Bows
   480 | D:2      | Reached skill level 1 in Crossbows
   480 | D:2      | Reached skill level 1 in Throwing
   480 | D:2      | Reached skill level 1 in Stealth
   480 | D:2      | Reached skill level 1 in Shields
   480 | D:2      | Reached skill level 1 in Unarmed Combat
   480 | D:2      | Reached skill level 5 in Spellcasting
   480 | D:2      | Reached skill level 1 in Conjurations
   480 | D:2      | Reached skill level 1 in Hexes
   480 | D:2      | Reached skill level 1 in Summonings
   480 | D:2      | Reached skill level 1 in Necromancy
   480 | D:2      | Reached skill level 1 in Translocations
   480 | D:2      | Reached skill level 1 in Transmutations
   480 | D:2      | Reached skill level 1 in Fire Magic
   480 | D:2      | Reached skill level 1 in Ice Magic
   480 | D:2      | Reached skill level 1 in Air Magic
   480 | D:2      | Reached skill level 1 in Earth Magic
   480 | D:2      | Reached skill level 1 in Poison Magic
   480 | D:2      | Reached skill level 1 in Invocations
   480 | D:2      | Reached skill level 1 in Evocations
   480 | D:2      | Reached XP level 3. HP: 12/31 MP: 2/9
   480 | D:2      | Reached XP level 4. HP: 14/38 MP: 2/11
   480 | D:2      | Reached XP level 5. HP: 16/43 MP: 2/12
   485 | D:2      | Learned a level 3 spell: Regeneration
   547 | D:3      | Learned a level 3 spell: Spectral Weapon
   574 | D:3      | Reached skill level 3 in Armour
   580 | D:3      | Noticed 4thArraOfDagon's ghost (weakling OgEn)
   596 | D:3      | Killed 4thArraOfDagon's ghost
   601 | D:3      | Reached XP level 6. HP: 32/50 MP: 4/13
   670 | D:3      | Learned a level 3 spell: Mephitic Cloud
   731 | D:2      | Reached skill level 5 in Fighting
   731 | D:2      | Reached skill level 2 in Short Blades
   731 | D:2      | Reached skill level 2 in Long Blades
   731 | D:2      | Reached skill level 5 in Axes
   731 | D:2      | Reached skill level 2 in Maces & Flails
   731 | D:2      | Reached skill level 2 in Polearms
   731 | D:2      | Reached skill level 2 in Staves
   731 | D:2      | Reached skill level 2 in Slings
   731 | D:2      | Reached skill level 2 in Bows
   731 | D:2      | Reached skill level 2 in Crossbows
   731 | D:2      | Reached skill level 2 in Throwing
   731 | D:2      | Reached skill level 5 in Dodging
   731 | D:2      | Reached skill level 2 in Stealth
   731 | D:2      | Reached skill level 2 in Shields
   731 | D:2      | Reached skill level 2 in Unarmed Combat
   731 | D:2      | Reached skill level 2 in Conjurations
   731 | D:2      | Reached skill level 2 in Hexes
   731 | D:2      | Reached skill level 2 in Summonings
   731 | D:2      | Reached skill level 2 in Necromancy
   731 | D:2      | Reached skill level 2 in Translocations
   731 | D:2      | Reached skill level 2 in Transmutations
   731 | D:2      | Reached skill level 2 in Fire Magic
   731 | D:2      | Reached skill level 2 in Ice Magic
   731 | D:2      | Reached skill level 2 in Air Magic
   731 | D:2      | Reached skill level 2 in Earth Magic
   731 | D:2      | Reached skill level 2 in Poison Magic
   731 | D:2      | Reached skill level 2 in Invocations
   731 | D:2      | Reached skill level 2 in Evocations
   752 | D:2      | Noticed Terence
   760 | D:2      | Killed Terence
   837 | D:3      | Found a runed door.
   842 | D:3      | Noticed Crazy Yiuf
   844 | D:3      | Killed Crazy Yiuf
  1113 | D:4      | Reached XP level 7. HP: 56/56 MP: 11/15
  1160 | D:4      | Reached skill level 7 in Charms
  1167 | D:5      | Entered Level 5 of the Dungeon
  1352 | D:6      | Reached XP level 8. HP: 51/63 MP: 3/16
  1468 | D:6      | Reached skill level 4 in Armour
  1514 | D:7      | Found Feal's Food Shoppe.
  1528 | D:7      | Reached skill level 3 in Short Blades
  1528 | D:7      | Reached skill level 3 in Long Blades
  1528 | D:7      | Reached skill level 3 in Maces & Flails
  1528 | D:7      | Reached skill level 3 in Polearms
  1528 | D:7      | Reached skill level 3 in Staves
  1528 | D:7      | Reached skill level 3 in Slings
  1528 | D:7      | Reached skill level 3 in Bows
  1528 | D:7      | Reached skill level 3 in Crossbows
  1528 | D:7      | Reached skill level 3 in Throwing
  1528 | D:7      | Reached skill level 3 in Stealth
  1528 | D:7      | Reached skill level 3 in Shields
  1528 | D:7      | Reached skill level 3 in Unarmed Combat
  1528 | D:7      | Reached skill level 3 in Conjurations
  1528 | D:7      | Reached skill level 3 in Hexes
  1528 | D:7      | Reached skill level 3 in Summonings
  1528 | D:7      | Reached skill level 3 in Necromancy
  1528 | D:7      | Reached skill level 3 in Translocations
  1528 | D:7      | Reached skill level 3 in Transmutations
  1528 | D:7      | Reached skill level 3 in Fire Magic
  1528 | D:7      | Reached skill level 3 in Ice Magic
  1528 | D:7      | Reached skill level 3 in Air Magic
  1528 | D:7      | Reached skill level 3 in Earth Magic
  1528 | D:7      | Reached skill level 3 in Poison Magic
  1528 | D:7      | Reached skill level 3 in Invocations
  1528 | D:7      | Reached skill level 3 in Evocations
  1550 | D:7      | Noticed a hippogriff
  1609 | D:7      | Noticed Menkaure
  1613 | D:7      | Reached skill level 6 in Spellcasting
  1617 | D:7      | Killed Menkaure
  1635 | D:7      | You fall through a shaft for 3 floors!
  1635 | D:10     | Entered Level 10 of the Dungeon
  1643 | D:10     | Noticed p0werm0de's ghost (journeyman GnWz)
  1666 | D:10     | Noticed a hippogriff
  1672 | D:10     | Killed a hippogriff
  1756 | D:10     | Reached XP level 9. HP: 44/69 MP: 1/18
  1803 | D:9      | Reached skill level 6 in Fighting
  1803 | D:9      | Reached skill level 6 in Axes
  1803 | D:9      | Reached skill level 6 in Dodging
  1978 | D:8      | Reached skill level 4 in Short Blades
  1978 | D:8      | Reached skill level 4 in Long Blades
  1978 | D:8      | Reached skill level 4 in Maces & Flails
  1978 | D:8      | Reached skill level 4 in Polearms
  1978 | D:8      | Reached skill level 4 in Staves
  1978 | D:8      | Reached skill level 4 in Slings
  1978 | D:8      | Reached skill level 4 in Bows
  1978 | D:8      | Reached skill level 4 in Crossbows
  1978 | D:8      | Reached skill level 4 in Throwing
  1978 | D:8      | Reached skill level 4 in Stealth
  1978 | D:8      | Reached skill level 4 in Shields
  1978 | D:8      | Reached skill level 4 in Unarmed Combat
  1978 | D:8      | Reached skill level 4 in Conjurations
  1978 | D:8      | Reached skill level 4 in Hexes
  1978 | D:8      | Reached skill level 4 in Summonings
  1978 | D:8      | Reached skill level 4 in Necromancy
  1978 | D:8      | Reached skill level 4 in Translocations
  1978 | D:8      | Reached skill level 4 in Transmutations
  1978 | D:8      | Reached skill level 4 in Fire Magic
  1978 | D:8      | Reached skill level 4 in Ice Magic
  1978 | D:8      | Reached skill level 4 in Air Magic
  1978 | D:8      | Reached skill level 4 in Earth Magic
  1978 | D:8      | Reached skill level 4 in Poison Magic
  1978 | D:8      | Reached skill level 4 in Invocations
  1978 | D:8      | Reached skill level 4 in Evocations
  2073 | D:7      | Noticed Joseph
  2087 | D:7      | Killed Joseph
  2087 | D:7      | Reached skill level 5 in Armour
  2158 | D:7      | Found a shattered altar of Ashenzari.
  2226 | D:6      | Reached skill level 8 in Charms
  2322 | D:4      | Found a burning altar of Makhleb.
  2327 | D:4      | Became a worshipper of Makhleb the Destroyer
  2400 | D:5      | Noticed Blork the orc
  2406 | D:5      | Killed Blork the orc
  2510 | D:5      | Noticed 4thArraOfDagon's ghost (amateur OgEn)
  2520 | D:5      | Killed 4thArraOfDagon's ghost
  2793 | D:6      | Noticed Pikel
  2801 | D:6      | Killed Pikel
  2801 | D:6      | Reached skill level 7 in Spellcasting
  2801 | D:6      | Reached XP level 10. HP: 77/77 MP: 17/20
  3044 | D:8      | Reached skill level 5 in Short Blades
  3044 | D:8      | Reached skill level 5 in Long Blades
  3044 | D:8      | Reached skill level 5 in Maces & Flails
  3044 | D:8      | Reached skill level 5 in Polearms
  3044 | D:8      | Reached skill level 5 in Staves
  3044 | D:8      | Reached skill level 5 in Slings
  3044 | D:8      | Reached skill level 5 in Bows
  3044 | D:8      | Reached skill level 5 in Crossbows
  3044 | D:8      | Reached skill level 5 in Throwing
  3044 | D:8      | Reached skill level 5 in Stealth
  3044 | D:8      | Reached skill level 5 in Shields
  3044 | D:8      | Reached skill level 5 in Unarmed Combat
  3044 | D:8      | Reached skill level 5 in Conjurations
  3044 | D:8      | Reached skill level 5 in Hexes
  3044 | D:8      | Reached skill level 5 in Summonings
  3044 | D:8      | Reached skill level 5 in Necromancy
  3044 | D:8      | Reached skill level 5 in Translocations
  3044 | D:8      | Reached skill level 5 in Transmutations
  3044 | D:8      | Reached skill level 5 in Fire Magic
  3044 | D:8      | Reached skill level 5 in Ice Magic
  3044 | D:8      | Reached skill level 5 in Air Magic
  3044 | D:8      | Reached skill level 5 in Earth Magic
  3044 | D:8      | Reached skill level 5 in Poison Magic
  3044 | D:8      | Reached skill level 5 in Invocations
  3044 | D:8      | Reached skill level 5 in Evocations
  3045 | D:8      | Reached * piety under Makhleb
  3091 | D:8      | Noticed Grum
  3097 | D:8      | Killed Grum
  3099 | D:8      | HP: 7/77 [wolf[Grum] (4)]
  3100 | D:8      | HP: 3/77 [wolf[Grum] (1)]
  3110 | D:8      | HP: 2/77 [wolf[Grum] (9)]
  3127 | D:8      | Found a radiant altar of Vehumet.
  3271 | D:10     | Noticed Fannar
  3284 | D:9      | Reached skill level 7 in Fighting
  3284 | D:9      | Reached skill level 7 in Axes
  3284 | D:9      | Reached skill level 7 in Dodging
  3413 | D:9      | Noticed a two-headed ogre
  3422 | D:9      | Killed a two-headed ogre
  3422 | D:9      | Reached skill level 6 in Armour
  3531 | D:11     | Noticed 4thArraOfDagon's ghost (journeyman OgEn)
  3560 | D:11     | Killed 4thArraOfDagon's ghost
  3591 | D:11     | Noticed a red ugly thing
  3604 | D:11     | Killed a red ugly thing
  3604 | D:11     | Reached ** piety under Makhleb
  3604 | D:11     | Reached XP level 11. HP: 66/84 MP: 17/22
  3801 | D:11     | Noticed a death yak
  3801 | D:11     | Noticed a death yak
  3802 | D:11     | Found a staircase to the Lair.
  3802 | D:11     | Noticed a death yak
  3803 | D:11     | Noticed a death yak
  3813 | D:11     | Killed a death yak
  3813 | D:11     | Reached skill level 6 in Short Blades
  3813 | D:11     | Reached skill level 6 in Long Blades
  3813 | D:11     | Reached skill level 6 in Maces & Flails
  3813 | D:11     | Reached skill level 6 in Polearms
  3813 | D:11     | Reached skill level 6 in Staves
  3813 | D:11     | Reached skill level 6 in Slings
  3813 | D:11     | Reached skill level 6 in Bows
  3813 | D:11     | Reached skill level 6 in Crossbows
  3813 | D:11     | Reached skill level 6 in Throwing
  3813 | D:11     | Reached skill level 6 in Stealth
  3813 | D:11     | Reached skill level 6 in Shields
  3813 | D:11     | Reached skill level 6 in Unarmed Combat
  3813 | D:11     | Reached skill level 6 in Conjurations
  3813 | D:11     | Reached skill level 6 in Hexes
  3813 | D:11     | Reached skill level 9 in Charms
  3813 | D:11     | Reached skill level 6 in Summonings
  3813 | D:11     | Reached skill level 6 in Necromancy
  3813 | D:11     | Reached skill level 6 in Translocations
  3813 | D:11     | Reached skill level 6 in Transmutations
  3813 | D:11     | Reached skill level 6 in Fire Magic
  3813 | D:11     | Reached skill level 6 in Ice Magic
  3813 | D:11     | Reached skill level 6 in Air Magic
  3813 | D:11     | Reached skill level 6 in Earth Magic
  3813 | D:11     | Reached skill level 6 in Poison Magic
  3813 | D:11     | Reached skill level 6 in Invocations
  3813 | D:11     | Reached skill level 6 in Evocations
  3814 | D:11     | Noticed a death yak
  3818 | D:11     | Noticed a death yak
  3819 | D:11     | Killed a death yak
  3819 | D:11     | Reached skill level 8 in Spellcasting
  3821 | D:11     | Killed a death yak
  3829 | D:11     | Killed a death yak
  3829 | D:11     | Killed a death yak
  3829 | D:11     | Reached skill level 8 in Fighting
  3829 | D:11     | Reached skill level 8 in Axes
  3829 | D:11     | Reached skill level 7 in Armour
  3829 | D:11     | Reached skill level 8 in Dodging
  3843 | D:11     | Killed a death yak
  4119 | D:13     | Found a roughly hewn altar of Beogh.
  4119 | D:13     | Noticed an orc knight
  4128 | D:13     | Reached XP level 12. HP: 93/93 MP: 21/24
  4135 | D:13     | Reached *** piety under Makhleb
  4286 | D:12     | Found a bloodstained altar of Trog.
  4298 | D:12     | Noticed Sonja
  4300 | D:12     | Killed Sonja
  4486 | D:10     | Reached skill level 7 in Short Blades
  4486 | D:10     | Reached skill level 7 in Long Blades
  4486 | D:10     | Reached skill level 7 in Maces & Flails
  4486 | D:10     | Reached skill level 7 in Polearms
  4486 | D:10     | Reached skill level 7 in Staves
  4486 | D:10     | Reached skill level 7 in Slings
  4486 | D:10     | Reached skill level 7 in Bows
  4486 | D:10     | Reached skill level 7 in Crossbows
  4486 | D:10     | Reached skill level 7 in Throwing
  4486 | D:10     | Reached skill level 7 in Stealth
  4486 | D:10     | Reached skill level 7 in Shields
  4486 | D:10     | Reached skill level 7 in Unarmed Combat
  4486 | D:10     | Reached skill level 7 in Conjurations
  4486 | D:10     | Reached skill level 7 in Hexes
  4486 | D:10     | Reached skill level 7 in Summonings
  4486 | D:10     | Reached skill level 7 in Necromancy
  4486 | D:10     | Reached skill level 7 in Translocations
  4486 | D:10     | Reached skill level 7 in Transmutations
  4486 | D:10     | Reached skill level 7 in Fire Magic
  4486 | D:10     | Reached skill level 7 in Ice Magic
  4486 | D:10     | Reached skill level 7 in Air Magic
  4486 | D:10     | Reached skill level 7 in Earth Magic
  4486 | D:10     | Reached skill level 7 in Poison Magic
  4486 | D:10     | Reached skill level 7 in Invocations
  4486 | D:10     | Reached skill level 7 in Evocations
  4774 | D:8      | Found a sparkling altar of Nemelex Xobeh.
  4866 | D:8      | Quit the game

Vault maps used:
D:1:      lightli_arrival_quake
D:2:      lemuel_zombie_altar_kikubaaqudgha, grunt_temple_overflow_open,
          first_bread, minmay_misc_feat_rugged, uniq_sigmund, uniq_terence
D:3:      uniq_crazy_yiuf_cottage
D:4:      lightli_temple_of_fire, temple_fountains
D:5:      marbit_many_paths, uniq_blork_the_orc, uniq_prince_ribbit1
D:6:      kennysheep_mini, uniq_pikel
D:7:      kennysheep_little_box, serial_shops, shop_statue, uniq_joseph,
          uniq_menkaure
D:8:      vehumet_statue, nemelex_spade_bored_becter, uniq_grum
D:10:     orc_0_dummy, hangedman_ranch, pond, uniq_fannar
D:11:     dpeg_lair_monsters
D:12:     bloody_trog, uniq_sonja
D:13:     special_room

Skill      XL: |  1  2  3  4  5  6  7  8  9 10 11 12 |
---------------+-------------------------------------+-----
Short Blades   | 1 2 3 4 5 6 7 |  7.0
Long Blades    | 1 2 3 4 5 6 7 |  7.0
Maces & Flails | 1 2 3 4 5 6 7 |  7.0
Polearms       | 1 2 3 4 5 6 7 |  7.0
Staves         | 1 2 3 4 5 6 7 |  7.0
Slings         | 1 2 3 4 5 6 7 |  7.0
Bows           | 1 2 3 4 5 6 7 |  7.0
Crossbows      | 1 2 3 4 5 6 7 |  7.0
Throwing       | 1 2 3 4 5 6 7 |  7.0
Stealth        | 1 2 3 4 5 6 7 |  7.0
Shields        | 1 2 3 4 5 6 7 |  7.0
Unarmed Combat | 1 2 3 4 5 6 7 |  7.0
Spellcasting   | 5 6 7 8 |  8.7
Conjurations   | 1 2 3 4 5 6 7 |  7.0
Hexes          | 1 2 3 4 5 6 7 |  7.0
Summonings     | 1 2 3 4 5 6 7 |  7.0
Necromancy     | 1 2 3 4 5 6 7 |  7.0
Translocations | 1 2 3 4 5 6 7 |  7.0
Transmutations | 1 2 3 4 5 6 7 |  7.0
Fire Magic     | 1 2 3 4 5 6 7 |  7.0
Ice Magic      | 1 2 3 4 5 6 7 |  7.0
Air Magic      | 1 2 3 4 5 6 7 |  7.0
Earth Magic    | 1 2 3 4 5 6 7 |  7.0
Poison Magic   | 1 2 3 4 5 6 7 |  7.0
Invocations    | 1 2 3 4 5 6 7 |  7.0
Evocations     | 1 2 3 4 5 6 7 |  7.0
Armour         | 3 4 5 6 7 |  7.5
Fighting       | 5 6 7 8 |  8.4
Axes           | 5 6 7 8 |  8.4
Dodging        | 5 6 7 8 |  8.4
Charms         | 7 8 9 |  9.6

Action                   |  1- 3 |  4- 6 |  7- 9 | 10-12 || total
-------------------------+-------+-------+-------+-------++-------
Melee: Hand axe          |    26 |       |       |       ||    26
       Bite              |     3 |     6 |    21 |    23 ||    53
       Scythe            |       |    53 |   156 |    30 ||   239
       Whip              |       |       |    31 |       ||    31
       Quarterstaff      |       |       |     6 |       ||     6
       Punch             |       |       |     1 |     3 ||     4
       War axe           |       |       |       |   227 ||   227
 Fire: Hunting sling     |       |       |     5 |       ||     5
 Cast: Infusion          |     5 |       |       |       ||     5
       Spectral Weapon   |       |    12 |    38 |    29 ||    79
       Regeneration      |       |     3 |    12 |    15 ||    30
       Shroud of Golubri |       |     3 |     2 |     3 ||     8
       Song of Slaying   |       |       |     1 |     5 ||     6
Evoke: Wand              |       |       |       |     8 ||     8
  Use: Scroll            |       |     4 |     6 |     9 ||    19
       Potion            |       |       |       |     2 ||     2
 Stab: Sleeping          |       |     1 |     5 |       ||     6
       Distracted        |       |       |     2 |     2 ||     4
       Confused          |       |       |     1 |     2 ||     3
  Eat: Chunk             |       |     1 |     8 |     4 ||    13
       Royal jelly       |       |       |     1 |     2 ||     3
       Fruit             |       |       |       |     4 ||     4
Armor: Leather armour    |     9 |    21 |    63 |    83 ||   176
Dodge: Dodged            |    20 |    64 |   154 |   231 ||   469
Block: Buckler           |       |       |       |    27 ||    27

Table legend:
 A = Spawn XP
 B = Non-spawn XP
 C = Spawn XP percentage of total XP
 D = Spawn monster count
 E = Non-spawn monster count
 F = Spawn count percentage of total count
 G = Total turns spent on level
                    A         B        C        D         E        F      G
               +---------+---------+-------+---------+---------+-------+---------
         Total |       0 |   22021 |   0.0 |       0 |     250 |   0.0 |  4866
               +---------+---------+-------+---------+---------+-------+---------
           D:1 |       0 |       4 |   0.0 |       0 |       3 |   0.0 |   236
           D:2 |       0 |     327 |   0.0 |       0 |      12 |   0.0 |   336
           D:3 |       0 |     256 |   0.0 |       0 |      21 |   0.0 |   395
           D:4 |       0 |     269 |   0.0 |       0 |      15 |   0.0 |   354
           D:5 |       0 |     743 |   0.0 |       0 |      18 |   0.0 |   425
           D:6 |       0 |    1201 |   0.0 |       0 |      17 |   0.0 |   398
           D:7 |       0 |    1334 |   0.0 |       0 |      14 |   0.0 |   372
           D:8 |       0 |    1165 |   0.0 |       0 |      20 |   0.0 |   677
           D:9 |       0 |    1806 |   0.0 |       0 |      23 |   0.0 |   407
          D:10 |       0 |    1928 |   0.0 |       0 |      32 |   0.0 |   417
          D:11 |       0 |    9722 |   0.0 |       0 |      40 |   0.0 |   438
          D:12 |       0 |    1428 |   0.0 |       0 |       9 |   0.0 |   252
          D:13 |       0 |    1838 |   0.0 |       0 |      26 |   0.0 |   159
               +---------+---------+-------+---------+---------+-------+---------

Table legend:
 A = Turns spent in this place as a percentage of turns spent in the entire game.
 B = Non-inter-level travel turns spent in this place as a percentage of non-inter-level travel turns spent in the entire game.
 C = Inter-level travel turns spent in this place as a percentage of turns spent in this place.
 D = Turns resting spent in this place as a percentage of non-inter-level travel turns spent in this place.
 E = Turns spent auto-exploring this place as a percentage of non-inter-level travel turns spent in this place.
 F = Non-inter-level travel turns spent in this place divided by the number of levels of this place that you've seen.
                   A       B       C       D       E      F
               +-------+-------+-------+-------+-------+----------------------
         Total | 100.0 | 100.0 |   3.6 |   0.0 |   2.9 | 360.8
       Dungeon | 100.0 | 100.0 |   3.6 |   0.0 |   2.9 | 360.8
               +-------+-------+-------+-------+-------+----------------------

Table legend:
 A = Kills in this place as a percentage of kills in entire the game.
 B = Kills by you in this place as a percentage of kills by you in the entire game.
 C = Kills by friends in this place as a percentage of kills by friends in the entire game.
 D = Other kills in this place as a percentage of other kills in the entire game.
 E = Experience gained in this place as a percentage of experience gained in the entire game.
 F = Experience gained in this place divided by the number of levels of this place that you have seen.
                   A       B       C       D       E      F
               +-------+-------+-------+-------+-------+----------------------
         Total | 100.0 | 100.0 |   N/A | 100.0 | 100.0 | 1693.9
       Dungeon | 100.0 | 100.0 |   N/A | 100.0 | 100.0 | 1693.9
               +-------+-------+-------+-------+-------+----------------------

Vault maps used:
D:1:      lightli_arrival_quake
D:2:      lemuel_zombie_altar_kikubaaqudgha, grunt_temple_overflow_open,
          first_bread, minmay_misc_feat_rugged, uniq_sigmund, uniq_terence
D:3:      uniq_crazy_yiuf_cottage
D:4:      lightli_temple_of_fire, temple_fountains
D:5:      marbit_many_paths, uniq_blork_the_orc, uniq_prince_ribbit1
D:6:      kennysheep_mini, uniq_pikel
D:7:      kennysheep_little_box, serial_shops, shop_statue, uniq_joseph,
          uniq_menkaure
D:8:      vehumet_statue, nemelex_spade_bored_becter, uniq_grum
D:10:     orc_0_dummy, hangedman_ranch, pond, uniq_fannar
D:11:     dpeg_lair_monsters
D:12:     bloody_trog, uniq_sonja
D:13:     special_room
